 Dungeon Crawl Stone Soup version 0.31-a0-1001-g770356a28f (webtiles) character file.

Game seed: 1218520978724800212

58349 Gargoyl the Severer (level 14, 0/141 HPs)
             Began as a Gargoyle Berserker on Nov 8, 2023.
             Was an Elder of Trog.
             Slain by a slime creature (12 damage)
             ... on level 12 of the Dungeon.
             The game lasted 00:23:43 (16908 turns).

Gargoyl the Severer (Gargoyle Berserker)           Turns: 16908, Time: 00:23:43

Health: 0/141      AC: 31    Str: 20    XL:     14   Next: 90%
Magic:  0/14       EV: 13    Int: 13    God:    Trog [****..]
Gold:   1269       SH:  0    Dex: 18    Spells: 13/13 levels left

rFire   + . .        m - +1 executioner's axe (elec)
rCold   + . .        (shield currently unavailable)
rNeg    + . .        n - +5 scale mail {rC+}
rPois   ∞            z - +2 helmet
rElec   +            d - scarf {repulsion}
rCorr   .            f - +2 pair of gloves
SInv    .            (no boots)
Will    ++...        A - amulet of guardian spirit Stlth
                     o - ring of protection from fire
HPRegen 0.43/turn    L - +6 ring of dexterity
MPRegen 0.14/turn

%: repel missiles, guardian spirit
@: berserking, flying, very quick
A: sickness immunity, AC +10, big wings, negative energy resistance 1,
electricity resistance, torment resistance 1, petrification resistance, clever
1, strong-willed 1
a: Renounce Religion, Berserk, Trog's Hand, Brothers in Arms


You were on level 12 of the Dungeon.
You worshipped Trog.
Trog was greatly pleased with you.
You visited 2 branches of the dungeon, and saw 17 of its levels.

You collected 1269 gold pieces.

Inventory:

Hand Weapons
 m - a +1 executioner's axe of electrocution (weapon)
 C - a +0 broad axe of freezing
 D - a +1 scimitar of flaming
Missiles
 y - 17 poisoned darts (quivered)
Armour
 d - a scarf of repulsion (worn)
 f - a +2 pair of gloves (worn)
 n - a +5 scale mail of cold resistance (worn)
 z - a +2 helmet (worn)
Jewellery
 i - a ring of resist corrosion
 o - a ring of protection from fire (left hand)
 A - an amulet of guardian spirit (around neck)
 F - a ring of protection from fire
 L - a +6 ring of dexterity (right hand)
 M - a ring of protection from cold
Wands
 q - a wand of charming (8)
 r - a wand of quicksilver (23)
 v - a wand of polymorph (9)
 x - a wand of mindburst (20)
 G - a wand of digging (1)
 K - a wand of flame (30)
Scrolls
 a - a scroll of teleportation
 h - 2 scrolls of fog
 p - 2 scrolls of fear
 E - 3 scrolls of silence
 H - 5 scrolls of identify
Potions
 b - 4 potions of might
 c - 2 potions of curing
 e - 2 potions of invisibility
 g - 2 potions of attraction
 j - 2 potions of haste
 k - a potion of ambrosia
 l - 3 potions of heal wounds
 s - 2 potions of enlightenment
 t - 3 potions of mutation
 u - 2 potions of resistance
 w - 2 potions of cancellation
 B - a potion of magic
 I - a potion of lignification


   Skills:
 + Level 13.2 Fighting
 + Level 1.4 Long Blades
 + Level 18.0 Axes
 + Level 0.5 Throwing
 + Level 10.7 Armour
 + Level 6.2 Dodging
 + Level 2.2 Stealth


You had 13 spell levels left.
You didn't know any spells.
Your spell library was empty.

Dungeon Overview and Level Annotations

Branches:
Dungeon (12/15)            Temple (0/1) D:5            Lair (5/5) D:10
  Swamp (0/4) Lair:2       Spider (0/4) Lair:2        Slime (0/5) Lair:5
    Orc (0/2) D:12

Altars:
Cheibriados
Gozag
Uskayaw
Xom
Yredelemnul
The Shining One
Jiyva

Shops:
D:1 :   D:7 (

Annotations:
D:3 2 transporters
D:5 2 transporters, b0ghi87's ghost, novice GnSh
Lair:4 exclusion: ice statue


Innate Abilities, Weirdness & Mutations

You are immune to sickness and miasma.
Your stone body is resilient. (AC +10)
You are immune to poison.
Your large and strong wings let you fly.
You resist negative energy. (rN+)
You are resistant to electric shocks. (rElec)
You are resistant to unholy torment.
You are immune to petrification.
Your mind is acute. (Int +4, Str/Dex -1)
You are strong-willed. (Will+)


Message History

The large slime creature is severely wounded.
You slice the slime creature!! You slash the slime creature!
The large slime creature hits you!!
* * * LOW HITPOINT WARNING * * *
The slime creature misses you. The slime creature closely misses you.
What are your orders? t - Shout!
Orders for allies: a - Attack new target. r - Retreat! s - Stop attacking. g - Guard the area. f - Follow me.
Anything else - Cancel.
Okay, then.
A red film seems to cover your vision as you go berserk!
You feel yourself moving faster!
You feel mighty! The large slime creature hits you!
* * * LOW HITPOINT WARNING * * *
The slime creature completely misses you.
The slime creature hits you.
* * * LOW HITPOINT WARNING * * *
You barely miss the large slime creature.
The large slime creature is severely wounded.
You slash the slime creature! You completely miss the slime creature.
Unknown command.
You hit the large slime creature.
Lightning courses through the large slime creature!
The large slime creature is almost dead.
You hit the slime creature but do no damage.
You barely miss the slime creature.
The large slime creature hits you but does no damage.
The slime creature hits you!
* * * LOW HITPOINT WARNING * * *
The slime creature hits you.
* * * LOW HITPOINT WARNING * * *
You slash the large slime creature!
The large slime creature is almost dead.
You slash the slime creature! You hit the slime creature.
The large slime creature hits you!
* * * LOW HITPOINT WARNING * * *
The slime creature hits you!
You die...

... #..# #. #..# .
#..# #### #..# #...
#..# #... #..#
##... #JJ# ##....
#J@# ##..8..
#..##########......
#.............:#...
#.##############...
#. #... #. #### #.
# #. #
#.#################


You could see a large slime creature and 2 slime creatures.

Vanquished Creatures
  A hydra (Lair:2)
  Erica (D:8)
  A catoblepas (Lair:4)
  A two-headed ogre (D:7)
  A boulder beetle (Lair:2)
  A tengu warrior (D:9)
  13 death yaks
  4 skysharks
  A lindwurm (Lair:3)
  A bog body (Lair:2)
  Pikel (D:8)
  An ugly thing (D:12)
  A manticore (D:11)
  A cyclops (D:11)
  7 elephants
  2 black mambas
  A gargoyle (D:11)
  13 cane toads
  3 torpor snails
  4 rime drakes
  2 kobold demonologists (D:11)
  A tengu conjurer (D:9)
  9 komodo dragons
  4 trolls
  3 red devils (D:11)
  7 hornets
  9 polar bears
  Prince Ribbit (D:7)
  4 blink frogs (Lair:1)
  12 dream sheep
  A slime creature (D:12)
  2 shadows (D:12)
  9 wyverns
  12 spriggans (Lair:5)
  3 wraiths
  Eustachio (D:6)
  40 yaks
  4 steam dragons
  A basilisk (Lair:3)
  A two-headed ogre zombie (D:12)
  8 water moccasins
  An acid dragon (D:8)
  6 ice beasts
  2 orc warriors
  3 black bears
  2 ogres (D:5)
  5 centaurs (D:11)
  40 wolves
  4 boggarts (Lair:5)
  3 lemures (D:8)
  2 phantoms
  Blork the orc (D:6)
  3 kobold brigands
  7 bullfrogs
  4 scorpions
  10 wights
  A troll zombie (D:12)
  8 killer bees
  An electric eel (Lair:3)
  4 howler monkeys
  2 hounds
  6 jellies
  4 orc priests
  Crazy Yiuf (D:6)
  A gnoll bouda (D:4)
  2 iguanas (D:7)
  A sleepcap (D:6)
  10 orc wizards
  6 ogre zombies (D:12)
  10 gnolls
  7 adders
  A shadow imp (D:5)
  5 white imps
  2 ufetubi (D:6)
  2 worms
  A dart slug (D:1)
  27 orcs
  7 ball pythons
  13 endoplasms
  3 giant cockroaches
  4 goblins
  4 hobgoblins
  3 jackals (D:3)
  4 quokkas
  6 bats
  3 frilled lizards (D:2)
  2 gnoll skeletons (D:12)
  A gnoll zombie (D:12)
  13 kobolds
  3 orc skeletons (D:12)
  19 orc zombies (D:12)
  3 rats
476 creatures vanquished.

Vanquished Creatures (collateral kills)
  An ice dragon (Lair:4)
  2 death yaks
  Sonja (Lair:5)
  A polar bear (Lair:5)
  A basilisk (Lair:5)
  A steam dragon (D:10)
7 creatures vanquished.

Grand Total: 483 creatures vanquished

Notes
Turn   | Place    | Note
-------+----------+-------------------------------------------
     0 | D:1      | Gargoyl the Gargoyle Berserker began the quest for the Orb.
     0 | D:1      | Reached XP level 1. HP: 14/14 MP: 1/1
   300 | D:1      | Reached XP level 2. HP: 19/19 MP: 2/2
   423 | D:1      | Reached skill level 3 in Axes
   614 | D:1      | Found Goschidod's Book Shoppe.
   753 | D:2      | Reached XP level 3. HP: 24/24 MP: 3/3
  1018 | D:2      | Reached XP level 4. HP: 21/29 MP: 4/4
  1101 | D:2      | Reached ** piety under Trog
  1401 | D:3      | Found a transporter.
  1507 | D:3      | Found a snail-covered altar of Cheibriados.
  1678 | D:3      | Identified a scroll of acquirement
  1678 | D:3      | Acquired a +1 executioner's axe of electrocution
  1741 | D:3      | Found a faded altar of an unknown god.
  1781 | D:3      | Found a transporter.
  1783 | D:3      | Found the +7 Kryia's mail coat {PotionHeal*2 rC+}
  1845 | D:3      | Found a hide-covered altar of Uskayaw.
  1973 | D:3      | Found a shimmering altar of Xom.
  1981 | D:3      | Reached skill level 4 in Axes
  1981 | D:3      | Reached XP level 5. HP: 33/33 MP: 5/5
  2202 | D:4      | Reached XP level 6. HP: 31/38 MP: 6/6
  2576 | D:4      | Reached skill level 5 in Axes
  2711 | D:5      | Entered Level 5 of the Dungeon
  2721 | D:5      | Reached XP level 7. HP: 44/44 MP: 7/7
  2758 | D:5      | Found a transporter.
  2760 | D:5      | Found a transporter.
  2761 | D:5      | Noticed b0ghi87's ghost (novice GnSh)
  2827 | D:5      | Reached *** piety under Trog
  3025 | D:5      | Reached skill level 6 in Axes
  3127 | D:5      | Reached skill level 5 in Fighting
  3307 | D:5      | Reached XP level 8. HP: 49/49 MP: 8/8
  3411 | D:5      | Found a staircase to the Ecumenical Temple.
  3529 | D:5      | Reached skill level 7 in Axes
  3529 | D:5      | Reached skill level 5 in Armour
  3529 | D:5      | Reached skill level 1 in Stealth
  3986 | D:6      | Noticed Blork the orc
  3997 | D:6      | Killed Blork the orc
  4073 | D:6      | Reached skill level 8 in Axes
  4082 | D:6      | Reached XP level 9. HP: 20/55 MP: 9/9
  4275 | D:6      | Noticed Eustachio
  4292 | D:6      | Killed Eustachio
  4358 | D:6      | Found a runed translucent door.
  4359 | D:6      | Noticed Crazy Yiuf
  4613 | D:6      | Killed Crazy Yiuf
  4741 | D:7      | Found a basalt altar of Yredelemnul.
  4862 | D:7      | Noticed a two-headed ogre
  4869 | D:7      | Killed a two-headed ogre
  4870 | D:7      | Reached skill level 9 in Axes
  4964 | D:7      | Found Zodec's Antique Weapon Boutique.
  5244 | D:7      | Noticed Prince Ribbit
  5266 | D:7      | Killed Prince Ribbit
  5480 | D:8      | Identified the +1 leather armour of Jocakes {Slay+5}
  5506 | D:8      | Noticed Pikel
  5523 | D:8      | Killed Pikel
  5524 | D:8      | Reached skill level 10 in Axes
  5524 | D:8      | Reached XP level 10. HP: 54/63 MP: 10/10
  6004 | D:8      | Noticed Erica
  6014 | D:8      | Killed Erica
  6244 | D:8      | Found a glowing golden altar of the Shining One.
  6362 | D:9      | Reached skill level 11 in Axes
  6538 | D:9      | Gained mutation: You are strong-willed. (Will+) [potion of
                  | mutation]
  6538 | D:9      | Gained mutation: Your mind is acute. (Int +4, Str/Dex -1)
                  | [potion of mutation]
  6538 | D:9      | Lost mutation: Your mind is acute. (Int +4, Str/Dex -1)
                  | [potion of mutation]
  6538 | D:9      | Gained mutation: Your mind is acute. (Int +4, Str/Dex -1)
                  | [potion of mutation]
  6779 | D:9      | Reached **** piety under Trog
  6960 | D:9      | Reached XP level 11. HP: 43/68 MP: 11/11
  6966 | D:9      | Reached skill level 12 in Axes
  7155 | D:9      | Noticed a tengu warrior
  7174 | D:9      | Killed a tengu warrior
  7289 | D:10     | Entered Level 10 of the Dungeon
  7550 | D:10     | Found an opulent altar of Gozag.
  7847 | D:10     | Noticed a death yak
  7847 | D:10     | Noticed a death yak
  7849 | D:10     | Found a staircase to the Lair.
  7849 | D:10     | Noticed a death yak
  7849 | D:10     | Noticed a death yak
  7849 | D:10     | Noticed a death yak
  7849 | D:10     | Noticed a death yak
  7860 | D:10     | Killed a death yak
  7861 | D:10     | Reached skill level 13 in Axes
  7864 | D:10     | Killed a death yak
  7866 | D:10     | Killed a death yak
  7868 | D:10     | Killed a death yak
  7878 | D:10     | Killed a death yak
  7879 | D:10     | Reached XP level 12. HP: 55/76 MP: 12/12
  7890 | D:10     | Killed a death yak
  8470 | Lair:1   | Entered Level 1 of the Lair of Beasts
  8834 | Lair:1   | Reached skill level 14 in Axes
  8917 | Lair:1   | Reached skill level 10 in Fighting
  9487 | Lair:2   | Found a hole to the Spider Nest.
  9721 | Lair:2   | Noticed a boulder beetle
  9732 | Lair:2   | Killed a boulder beetle
 10018 | Lair:2   | Noticed an eight-headed hydra
 10032 | Lair:2   | Killed a three-headed hydra
 10033 | Lair:2   | Reached skill level 15 in Axes
 10417 | Lair:2   | Found a staircase to the Swamp.
 10742 | Lair:3   | Noticed a skyshark
 10752 | Lair:3   | Killed a skyshark
 10753 | Lair:3   | Reached skill level 1 in Long Blades
 10753 | Lair:3   | Reached XP level 13. HP: 73/84 MP: 10/13
 10797 | Lair:3   | Reached skill level 5 in Dodging
 11054 | Lair:3   | You fall into a shaft and drop 1 floor!
 12259 | Lair:4   | Noticed an ice dragon
 12262 | Lair:4   | Reached skill level 16 in Axes
 12276 | Lair:4   | Killed an ice dragon
 12468 | Lair:4   | Reached skill level 10 in Armour
 12960 | Lair:5   | Entered Level 5 of the Lair of Beasts
 13010 | Lair:5   | Gained mutation: Your large and strong wings let you fly.
                  | [Gargoyle growth]
 13010 | Lair:5   | Reached XP level 14. HP: 92/92 MP: 9/14
 13281 | Lair:5   | Reached skill level 17 in Axes
 13848 | Lair:5   | Identified the serpent talisman of Remae {rPois Will+ Int-3
                  | SInv}
 13925 | Lair:5   | Identified the +4 chain mail "Hobrigg" {Rampage Will+
                  | Str-4}
 14213 | Lair:5   | Found a viscous altar of Jiyva.
 14213 | Lair:5   | Found a staircase to the Slime Pits.
 14248 | Lair:5   | Noticed Sonja
 14647 | Lair:5   | Killed Sonja
 16836 | D:12     | Reached skill level 18 in Axes
 16846 | D:12     | Found a staircase to the Orcish Mines.
 16908 | D:12     | Slain by a slime creature

Illustrated notes

Levels and vault maps discovered:
D:1:      matt_arrival_spirals, layout_basic, serial_shops, shop, st_stairs_1,
          serial_bayou_crossing
D:2:      layout_basic
D:3:      gammafunk_steamed_eel, layout_basic, cheibrodos_worm_habitat,
          mainiacjoe_overflow_alcove_2, lemuel_doored_altar,
          ebering_ecumenical_altar_sacrificial
D:4:      layout_loops_cross, kennysheep_generic_room_6
D:5:      layout_basic, minmay_temple_entry_metal_lava, gammafunk_ghost_smash,
          sigmund_army
D:6:      layout_loops_ring, uniq_blork_the_orc, uniq_crazy_yiuf_cottage,
          uniq_eustachio
D:7:      layout_loops_ring, kennysheep_mini, minmay_misc_feat_square,
          nrook_mini_vaults, nicolae_take_the_stairs, glass_columns_a,
          amcnicky_mini_pool_small, uniq_prince_ribbit1
D:8:      layout_loops_ring, mainiacjoe_overflow_brackets, uniq_erica,
          uniq_pikel
D:9:      layout_long_grid, dk_rats_in_the_wall
D:10:     layout_roguey, general_overflow_altar, dpeg_lair_monsters
D:11:     nicolae_whirlpool, layout_basic, serial_curves, eino_curves_04,
          eino_curves_02, einodemon_armed_red_devil_minivault
D:12:     layout_long_grid, zombieorc2_lemuel, serial_shops,
          nicolae_shop_temple_entry_statues_fountains
Lair:1:   layout_long_grid, dreamdust_mushroom_princess
Lair:2:   layout_roguey, skrybe_swamp_entry_bodies, spider_nest_entry_web_field,
          serial_bayou_pond_e, minivault_11, cheibrodos_lair_caveside_slide
Lair:3:   layout_cellular_growth, serial_bayou_lagoon_a,
          hangedman_lair_generics_rect
Lair:4:   layout_big_grid, ice2_lemuel
Lair:5:   minmay_lair_end_enchanted_forest, layout_regular_city,
          nicolae_slime_entry_slimehenge, uniq_sonja

Skill      XL: |  1  2  3  4  5  6  7  8  9 10 11 12 13 14 |
---------------+-------------------------------------------+-----
Axes           | 3 4 5 6 8 10 11 13 15 16 18 | 18.0
Dodging        | 2 3 4 5 6 |  6.2
Fighting       | 4 5 7 8 9 10 12 13 | 13.2
Armour         | 3 4 5 7 8 9 10 | 10.7
Stealth        | 1 2 |  2.2
Long Blades    | 1 |  1.4
Throwing       | |  0.5

Action                     |  1- 3 |  4- 6 |  7- 9 | 10-12 | 13-15 || total
---------------------------+-------+-------+-------+-------+-------++-------
  Melee: Hand axe          |   107 |    99 |       |       |       ||   206
         Punch             |     1 |       |       |       |       ||     1
         Executioner's axe |       |    80 |   219 |   324 |   591 ||  1214
         Scimitar          |       |       |       |     7 |       ||     7
  Throw: Dart              |       |       |       |     5 |     5 ||    10
 Invoke: Berserk           |     3 |     3 |     5 |    12 |    15 ||    38
         Trog's Hand       |       |     2 |     1 |     6 |    12 ||    21
         Brothers in Arms  |       |       |       |     2 |     4 ||     6
    Use: Scroll            |     2 |     4 |    14 |     9 |     4 ||    33
         Potion            |       |       |       |     1 |     2 ||     3
   Stab: Sleeping          |     1 |       |       |       |       ||     1
 Armour: Animal skin       |    58 |       |       |       |       ||    58
         Ring mail         |     8 |    76 |       |       |       ||    84
         Scale mail        |       |    74 |   239 |   516 |   833 ||  1662
  Dodge: Dodged            |    74 |   127 |   168 |   342 |   611 ||  1322
         Repelled          |       |       |     2 |     4 |     4 ||    10

Table legend: (Time is in decaauts)
 A = Elapsed time spent in this place.
 B = Non-inter-level travel time spent in this place.
 C = Inter-level travel time spent in this place.
 D = Time resting spent in this place.
 E = Time spent auto-exploring this place.
 F = Levels seen in this place.
 G = Mean time per level.
                   A        B        C        D        E       F      G
               +--------+--------+--------+--------+--------+-----+--------+
         Total |  17561 |  17079 |    482 |   1733 |  11335 |  17 | 1033.0 |
       Dungeon |  10650 |  10342 |    308 |    891 |   7047 |  12 |  887.5 |
          Lair |   6910 |   6737 |    173 |    842 |   4287 |   5 | 1382.0 |
               +--------+--------+--------+--------+--------+-----+--------+

Top non-repeatable levels by time:
  Lair:5: 1861 daAuts
    D:11: 1539 daAuts
  Lair:3: 1352 daAuts
  Lair:4: 1328 daAuts
  Lair:2: 1308 daAuts
    D:10: 1224 daAuts
  Lair:1: 1060 daAuts
     D:5: 1051 daAuts
     D:6: 1033 daAuts
     D:9: 996 daAuts
     D:8: 915 daAuts
     D:7: 828 daAuts
     D:1: 753 daAuts
     D:4: 730 daAuts
     D:3: 714 daAuts
